[Event "Early-Titled-Tuesday-Blitz-February-20-2024"]
[Site "Chess.com"]
[Date "2024.02.20"]
[Round "1"]
[White "SaqoChess_Twitch"]
[Black "carloseduar100"]
[Result "1-0"]
[WhiteElo "2664"]
[BlackElo "2325"]
[TimeControl "180+1"]
[EndTime "8:06:04 PST"]
[Termination "SaqoChess_Twitch won by resignation"]

1. d4 d5 2. c4 e5 3. dxe5 d4 4.
Nf3 Nc6 5. a3 Nge7 6. b4 Ng6 7.
Bb2 a5 8. b5 Ncxe5 9. Nxe5 Nxe5 10. e3 Be6 11. Bxd4 Nxc4 12. Nd2 Nxd2 13. Qxd2 Qd5 14. Bb2 Qxd2+ 15. Kxd2 f6 16. Bd3 Bd6 17. Ke2 O-O 18. h3 b6 19. a4 Rad8 20. Rac1 Rfe8 21. Rhd1 h6 22. Bc4 Bxc4+ 23. Rxc4 Kf7 24. Rcd4 Be7 25. Rd7 Rc8 26. Ba3 Ke6 27. Bxe7 Rxe7 28. R7d4 c5 29. Rd6+ Kf5 30. Rxb6 Re4 31. Rc6 Rxc6 32. bxc6 Re6 33.
Rd5+ 1-0

[Event "Early-Titled-Tuesday-Blitz-February-20-2024"]
[Site "Chess.com"]
[Date "2024.02.20"]
[Round "1"]
[White "zurzan"]
[Black "Goffredo_Fofi"]
[Result "0-1"]
[WhiteElo "2058"]
[BlackElo "2553"]
[TimeControl "180+1"]
[EndTime "8:06:04 PST"]
[Termination "Goffredo_Fofi won by resignation"]

1. c4 g6 2. Nc3 Bg7 3. g3 Nf6 4. Bg2 O-O 5. d3 c6 6. e4 d6 7.
Nge2 a6 8. h3 b5 9. c5 dxc5 10. O-O Nbd7 11. f4 Nb6 12. Be3 Nfd7 13. e5 Bb7 14. a4 Nd5 15. Bf2 e6 16. Ne4 Qe7 17. Nd6 Rab8 18. Nc3 Ba8 19. Nce4 f6 20.
Nxc5 fxe5 21. Nxd7 Qxd7 22. fxe5 Bxe5 23. Bc5 Bxd6 24.
Rxf8+ Bxf8 25. Bd4 c5 26. Be5 Bd6 27. Bxd6 Qxd6 28.
axb5 axb5 29. Qe1 Nc7 30. Bxa8 Rxa8 31. Rxa8+ Nxa8 32. Qe4 Qd4+ 33. Kg2 Qxe4+ 34. dxe4 Nb6 35. Kf3 Nc4 36. b3 Nd2+ 37. Kf4 Nxb3 38. Ke5 c4 39. Kxe6 c3 40. Kd7 c2 41. e5 c1=Q 42. e6 Qd2+ 43. Ke8 Nc5 44. Ke7 Qd5 0-1

[Event "Early-Titled-Tuesday-Blitz-February-20-2024"]
[Site "Chess.com"]
[Date "2024.02.20"]
[Round "1"]
[White "ketster"]
[Black "CFN_Good_Evening"]
[Result "0-1"]
[WhiteElo "2563"]
[BlackElo "2194"]
[TimeControl "180+1"]
[EndTime "8:06:05 PST"]
[Termination "CFN_Good_Evening won on time"]

1. d4 Nf6 2. c4 e6 3. Nc3 Bb4 4. g3 c5 5. Bg2 cxd4 6. Qxd4 Nc6 7. Qd3 d5 8. cxd5 exd5 9. a3 Bxc3+ 10. bxc3 O-O 11.
Bg5 h6 12. Bxf6 Qxf6 13. Bxd5 Bf5 14. Qd2 Rad8 15. Rd1 Be4 16. Bxe4 Rxd2 17. Rxd2 Qxc3 18. Nf3 Rd8 19. Bd3 Nd4 20. Nxd4 Rxd4 21. f4 g6 22. Rf1 Qxa3 23. Rf3 Kg7 24. Kf2 Qc5 25. Kg2 b5 26.
Rc2 Qd6 27. f5 b4 28. fxg6 fxg6 29. Bc4 h5 30. Ra2 Rxc4 31. Rxa7+ Rc7 32. Ra8 Re7 33. Rc8 Rxe2+ 34. Rf2 Rxf2+ 35. Kxf2 Qf6+ 0-1

[Event "Early-Titled-Tuesday-Blitz-February-20-2024"]
[Site "Chess.com"]
[Date "2024.02.20"]
[Round "1"]
[White "vi_pranav"]
[Black "Pingah9"]
[Result "1-0"]
[WhiteElo "3051"]
[BlackElo "2530"]
[TimeControl "180+1"]
[EndTime "8:06:06 PST"]
[Termination "vi_pranav won by resignation"]

1. e4 g6 2. d4 Bg7 3. Nf3 d6 4. Bc4 e6 5. O-O a6 6. a4 b6 7. Re1 Ne7 8. Nbd2 O-O 9. Nf1 h6 10.
Ng3 Bb7 11. c3 Nd7 12. h3 Kh7 13. Bd3 e5 14. dxe5 Nxe5 15. Nxe5 Bxe5 16. f4 Bg7 17. Bc2 Nc6 18. Be3 Qh4 19. Qf3 Rae8 20. Rad1 Kg8 21. Bf2 Qf6 22. Nf1 b5 23. axb5 axb5 24. Ne3 Na5 25. Bd3 Rb8 26. Qg3 Bc6 27. Ng4 Qe7 28.
f5 h5 29. f6 Bxf6 30. Nxf6+ Qxf6 31. Bd4 Qe6 32. Rf1 Kh7 33. Rf6 Qb3 34. Rdf1 Nc4 35.
Rxf7+ Rxf7 36. Rxf7+ 1-0

[Event "Early-Titled-Tuesday-Blitz-February-20-2024"]
[Site "Chess.com"]
[Date "2024.02.20"]
[Round "1"]
[White "ajeale2"]
[Black "Sanan_Sjugirov"]
[Result "0-1"]
[WhiteElo "2504"]
[BlackElo "2905"]
[TimeControl "180+1"]
[EndTime "8:06:06 PST"]
[Termination "Sanan_Sjugirov won on time"]

1. d4 Nf6 2. Bf4 d5 3. e3 c5 4. c3 Nc6 5. Nd2 Bf5 6. Ngf3 e6 7. Qb3 Qc8 8. c4 cxd4 9. exd4 dxc4 10. Nxc4 Bb4+ 11.
Bd2 Be7 12. Rc1 O-O 13. Nce5 Be4 14. Nxc6 bxc6 15. Bd3 Rb8 16. Qc2 Bxd3 17. Qxd3 Rxb2 18. Ne5 c5 19. O-O Rd8 20. Qc3 Rxa2 21. Be3 Nd5 22. Qb3 Qa6 23. dxc5 Ra3 24. Qc2 Rc8 25. c6 Bd6 26.
Nc4 Rxc6 27. Qb2 Rxc4 28. Rxc4 Qxc4 29. Rc1 Rc3 0-1

[Event "Early-Titled-Tuesday-Blitz-February-20-2024"]
[Site "Chess.com"]
[Date "2024.02.20"]
[Round "1"]
[White "mr_gustavo"]
[Black "Elnaz_Kaliakhmet"]
[Result "1-0"]
[WhiteElo "2719"]
[BlackElo "2383"]
[TimeControl "180+1"]
[EndTime "8:06:06 PST"]
[Termination "mr_gustavo won by resignation"]

1. d4 Nf6 2. c4 e6 3. Bf4 d5 4.
cxd5 exd5 5. Nc3 Bd6 6. Bxd6 Qxd6 7. e3 O-O 8. Bd3 Bg4 9. Qc2 c6 10. Nge2 Nbd7 11. O-O Rfe8 12. Nf4 Nf8 13. h3 Bh5 14. Nxh5 Nxh5 15. Rab1 Nf6 16. b4 a6 17. a4 Rac8 18.
Rfc1 Ne6 19. Qd2 Ng5 20. Bf5 Rcd8 21. b5 g6 22. Bd3 axb5 23. axb5 Nge4 24. Nxe4 Nxe4 25.
Bxe4 dxe4 26. bxc6 bxc6 27. Qa5 Qd5 28. Rc5 Qd6 29. Rbc1 Ra8 30. Qb6 Ra2 31. Rxc6 Qd7 32. Qc5 Kg7 33. Rc7 Qe6 34. Qg5 h6 35. Qf4 Rb8 36.
R1c6 Qe8 37. Qf6+ Kg8 38. Kh2 Raa8 39. Re7 Qf8 40. Rcc7 1-0

[Event "Early-Titled-Tuesday-Blitz-February-20-2024"]
[Site "Chess.com"]
[Date "2024.02.20"]
[Round "1"]
[White "Capablanca_Oujda_2021"]
[Black "lachesisQ"]
[Result "0-1"]
[WhiteElo "2528"]
[BlackElo "3048"]
[TimeControl "180+1"]
[EndTime "8:06:08 PST"]
[Termination "lachesisQ won on time"]

1. b3 d5 2. Bb2 Bg4 3. Nf3 e6 4. g3 Bxf3 5. exf3 Nf6 6. Bg2 Nbd7 7. O-O a5 8. a4 g6 9. d3 Bg7 10. Nd2 O-O 11. f4 c6 12. Nf3 b5 13. Ne5 Qc7 14. c4 bxc4 15. bxc4 Rfb8 16. Nxd7 Nxd7 17.
Bxg7 Kxg7 18. cxd5 cxd5 19. Qd2 Rb4 20. Rfc1 Qb6 21. Qc3+ Qd4 22. Qxd4+ Rxd4 23. Rc7 Nb6 24. Bf1 Nxa4 25. Rb1 Rb4 26. Rxb4 axb4 27. Rb7 Nc3 28. Rxb4 Ra2 29. Rb3 Nd1 30. f3 Ne3 31. Bh3 Rd2 32. g4 Nc2 33. f5 Nd4 34. Ra3 Nxf3+ 35. Kf1 Nxh2+ 36. Ke1 Nf3+ 37. Kf1 exf5 38. gxf5 Ne5 39. fxg6 hxg6 40. Bg2 Rxd3 41. Ra5 Nc4 42. Rc5 Rd1+ 43. Ke2 Rd2+ 44. Kf1 Ne3+ 0-1

[Event "Early-Titled-Tuesday-Blitz-February-20-2024"]
[Site "Chess.com"]
[Date "2024.02.20"]
[Round "1"]
[White "KnightmareJoker"]
[Black "Natalya_Buksa"]
[Result "0-1"]
[WhiteElo "2165"]
[BlackElo "2577"]
[TimeControl "180+1"]
[EndTime "8:06:08 PST"]
[Termination "Natalya_Buksa won by resignation"]

1. e4 c5 2. Nf3 Nc6 3. d4 cxd4 4. Nxd4 e5 5. Nb5 d6 6. N1c3 a6 7. Na3 b5 8. Nd5 Be7 9. c3 Be6 10. Nc2 Nf6 11. Bg5 Nxd5 12. exd5 Bxg5 13. dxc6 O-O 14. Be2 d5 15. O-O Qd6 16. a4 Qxc6 17. Nb4 Qb7 18.
Bf3 e4 19. Bg4 f5 20. Be2 Bf6 21. axb5 axb5 22. Nc2 Rxa1 23. Nxa1 Ra8 24. Nb3 Qb6 25. Qd2 b4 26. cxb4 d4 27. Nc5 Bf7 28. b3 d3 29. Bd1 Bd4 30. Na4 Qf6 31. Kh1 f4 32. f3 Be3 33. Qc3 Qxc3 34. Nxc3 exf3 35. Bxf3 Ra3 36.
Nd5 Rxb3 37. g3 g5 38. gxf4 gxf4 39. Be4 d2 40. Nxe3 fxe3 41. Kg2 e2 42. Rxf7 Kxf7 43. Bd5+ Kf6 0-1

[Event "Early-Titled-Tuesday-Blitz-February-20-2024"]
[Site "Chess.com"]
[Date "2024.02.20"]
[Round "1"]
[White "leschebaza"]
[Black "Goryachkina"]
[Result "0-1"]
[WhiteElo "2378"]
[BlackElo "2713"]
[TimeControl "180+1"]
[EndTime "8:06:09 PST"]
[Termination "Goryachkina won by resignation"]

1. Nf3 c5 2. c4 Nc6 3. Nc3 g6 4. e3 Nf6 5. d4 cxd4 6. Nxd4 Bg7 7.
Be2 O-O 8. O-O d6 9. Bf3 Bd7 10. b3 Nxd4 11. Qxd4 Bc6 12. Bxc6 bxc6 13. Bb2 a5 14.
Ne4 a4 15. Rfd1 Qa5 16. Bc3 Qa6 17. h3 Rab8 18. b4 a3 19. Rab1 Qa4 20. Rb3 Rfd8 21.
Ng5 c5 22. bxc5 Rxb3 23. axb3 Qxb3 24. Qd2 h6 25. cxd6 Rxd6 26. Qxd6 0-1

[Event "Early-Titled-Tuesday-Blitz-February-20-2024"]
[Site "Chess.com"]
[Date "2024.02.20"]
[Round "1"]
[White "HanSchut"]
[Black "Sanyura"]
[Result "1-0"]
[WhiteElo "2277"]
[BlackElo "2600"]
[TimeControl "180+1"]
[EndTime "8:06:09 PST"]
[Termination "HanSchut won by resignation"]

1. e4 c5 2. Nf3 e6 3. c4 d5 4.
exd5 exd5 5. cxd5 Bd6 6. Nc3 Ne7 7. d4 cxd4 8. Nxd4 O-O 9. Be2 a6 10. Bf3 b5 11. O-O Bb7 12. Bg5 Qc7 13. h3 h6 14. Bxe7 Bxe7 15. Nf5 Bd6 16. Nxd6 Qxd6 17.
Ne4 Qb4 18. Rc1 Rd8 19. Rc7 Bxd5 20. Nf6+ gxf6 21. Bxd5 Nd7 22. a3 Qa5 23. Qg4+ Kf8 24.
Rxd7 Rxd7 25. Qxd7 Rd8 26. Qf5 Kg7 27. Be4 Qd2 28.
Qh7+ Kf8 29. b4 Qf4 30. Qf5 Qd2 31. Qxf6 1-0

[Event "Early-Titled-Tuesday-Blitz-February-20-2024"]
[Site "Chess.com"]
[Date "2024.02.20"]
[Round "1"]
[White "Dixit_Nikhil"]
[Black "mestrefeitosa19"]
[Result "1-0"]
[WhiteElo "2610"]
[BlackElo "2241"]
[TimeControl "180+1"]
[EndTime "8:06:09 PST"]
[Termination "Dixit_Nikhil won by checkmate"]

1. e4 e5 2. Nf3 Nc6 3. Bb5 Nd4 4.
Nxd4 exd4 5. O-O c6 6. Bc4 Nf6 7. e5 d5 8. Bd3 Nd7 9. f4 Be7 10. Qh5 g6 11. Qf3 Nc5 12. Be2 Bf5 13. d3 Qb6 14. Nd2 h5 15. Nb3 Nxb3 16. axb3 Bg4 17. Qf2 Bxe2 18. Qxe2 O-O-O 19. Bd2 Qc5 20. b4 Qb6 21. Ra5 a6 22. Ra4 Qb5 23. b3 h4 24.
f5 Rhg8 25. f6 Bf8 26. e6 Kb8 27. e7 Re8 28. exf8=Q Rgxf8 29. Qf2 h3 30. Bf4+ Ka8 31. gxh3 Re6 32. Qxd4 Rfe8 33. Raa1 c5 34. bxc5 Re2 35. Bg3 Rxc2 36. Rae1 Rce2 37. Rxe2 Rxe2 38. Qxd5 Qb4 39. Qd8+ Ka7 40. Qb8# 1-0

[Event "Early-Titled-Tuesday-Blitz-February-20-2024"]
[Site "Chess.com"]
[Date "2024.02.20"]
[Round "1"]
[White "N18player"]
[Black "JSPrepz"]
[Result "0-1"]
[WhiteElo "2479"]
[BlackElo "2859"]
[TimeControl "180+1"]
[EndTime "8:06:10 PST"]
[Termination "JSPrepz won by checkmate"]

1. Nf3 g6 2. c4 Bg7 3. Nc3 d6 4. g3 Bf5 5. Bg2 Qc8 6. h3 Nf6 7. d3 O-O 8. g4 Bd7 9. Bd2 c5 10.
Qc1 Re8 11. Bh6 Bh8 12. Qd2 Nc6 13. O-O-O a6 14. Ng5 b5 15. Bf3 Rb8 16. Rdg1 bxc4 17. dxc4 Na5 18. b3 Rxb3 19. Nd5 Nxc4 20. Qc2 Rxf3 21. exf3 Nxd5 22. Qxc4 e6 23. Rd1 Qb7 24. Rd2 Rb8 25. Qc2 Ba4 26. Qe4 Bb2+ 27. Kb1 Nc3# 0-1

[Event "Early-Titled-Tuesday-Blitz-February-20-2024"]
[Site "Chess.com"]
[Date "2024.02.20"]
[Round "1"]
[White "BeautiFullMindChess"]
[Black "NovozhilovSemen"]
[Result "0-1"]
[WhiteElo "2335"]
[BlackElo "2678"]
[TimeControl "180+1"]
[EndTime "8:06:10 PST"]
[Termination "NovozhilovSemen won on time"]

1. e4 c5 2. Nc3 Nc6 3. Bb5 Nd4 4. Nf3 g6 5. O-O Bg7 6. Nxd4 cxd4 7. Ne2 a6 8. Bc4 e6 9. Bb3 Ne7 10. c3 Nc6 11. d3 O-O 12. f4 d6 13. Bd2 b5 14. f5 exf5 15. Bd5 Qb6 16. cxd4 fxe4 17.
dxe4 Bg4 18. Kh1 Rac8 19. Be3 Nb4 20. Bb3 Rce8 21. a3 Rxe4 22. Qd2 Nc6 23. Bg1 Rxe2 24. Qf4 Bf5 25. d5 Nd4 26. Rad1 Rxb2 27. Rf3 Rc8 28. Bxd4 Bxd4 0-1

[Event "Early-Titled-Tuesday-Blitz-February-20-2024"]
[Site "Chess.com"]
[Date "2024.02.20"]
[Round "1"]
[White "agvega14"]
[Black "ChessRespected"]
[Result "0-1"]
[WhiteElo "2199"]
[BlackElo "2590"]
[TimeControl "180+1"]
[EndTime "8:06:12 PST"]
[Termination "ChessRespected won by resignation"]

1. d4 d5 2. c4 c6 3. Nc3 Nf6 4. e3 e6 5. Nf3 Nbd7 6. Qc2 Bd6 7.
b3 O-O 8. Bb2 e5 9. Be2 e4 10. Nd2 Re8 11. Rc1 a6 12. a4 Nf8 13.
h3 Ng6 14. g3 h5 15. Qd1 h4 16. g4 Be6 17. c5 Bc7 18. b4 Nh7 19. b5 axb5 20.
axb5 Ng5 21. b6 Bb8 22. Ra1 Rxa1 23. Qxa1 Qf6 24. Nd1 Nf3+ 25. Nxf3 exf3 26. Bd3 Nf4 27. Qb1 Ng2+ 28. Kf1 g6 29. Bc3 Qe7 30. Be1 Rf8 31. Bc3 f5 32. gxf5 Bxf5 33. Bxf5 Rxf5 34. Qa1 Rf8 35. Qa2 Qe4 36. Qb2 Qd3+ 0-1

[Event "Early-Titled-Tuesday-Blitz-February-20-2024"]
[Site "Chess.com"]
[Date "2024.02.20"]
[Round "1"]
[White "Dacean99"]
[Black "Alenzer"]
[Result "1-0"]
[WhiteElo "2569"]
[BlackElo "2134"]
[TimeControl "180+1"]
[EndTime "8:06:12 PST"]
[Termination "Dacean99 won by resignation"]

1. e4 c5 2. c3 e6 3. d4 d5 4. exd5 exd5 5. Nf3 Nf6 6. Bb5+ Nc6 7.
O-O Bd6 8. Nbd2 O-O 9. dxc5 Bxc5 10. Nb3 Bd6 11. Re1 Bg4 12. h3 Bh5 13. Be2 Bc7 14.
Nfd4 Bg6 15. g3 Ne4 16. Kg2 a6 17. Bf3 f5 18. Ne2 Ne5 19. Nf4 Bf7 20. Nd4 Qf6 21.
Qb3 Nxf3 22. Nxf3 Qc6 23. Nd4 Qb6 24. Qxb6 Bxb6 25. Be3 Rae8 26. Nxf5 Bxe3 27. Nxe3 Rd8 28.
Rad1 g5 29. Nd3 Bh5 30. g4 Bg6 31. f3 Nf6 32. Ne5 Kg7 33. Nxg6 Kxg6 34. Nf5 Rfe8 35.
Kg3 h5 36. Nd4 h4+ 37. Kf2 Kf7 38. Nf5 Kg6 39. a4 b5 40. axb5 axb5 41. Ne7+ Kf7 42.
Nc6 Rxe1 43. Nxd8+ Ke8 44. Rxe1+ Kxd8 45. Re5 Kd7 46. Rxg5 1-0

[Event "Early-Titled-Tuesday-Blitz-February-20-2024"]
[Site "Chess.com"]
[Date "2024.02.20"]
[Round "1"]
[White "angelgab3"]
[Black "wild3000"]
[Result "1-0"]
[WhiteElo "2756"]
[BlackElo "2410"]
[TimeControl "180+1"]
[EndTime "8:06:14 PST"]
[Termination "angelgab3 won by checkmate"]

1. e4 e6 2. d4 a6 3. Nc3 b5 4. Nf3 Bb7 5. Bd3 d6 6. O-O Nf6 7. Re1 Be7 8. a3 c5 9. e5 Nd5 10. exd6 Bxd6 11. dxc5 Nxc3 12. bxc3 Bxc5 13. Bg5 Qb6 14.
Be3 Nd7 15. a4 Bxe3 16. Rxe3 Nc5 17. axb5 axb5 18. Rxa8+ Bxa8 19. Nd4 Nxd3 20. Qxd3 b4 21. h4 O-O 22. Rg3 bxc3 23. Qxc3 h6 24. Rxg7+ Kxg7 25. Nxe6+ Kg6 26. Nxf8+ Kh5 27. Qe5+ Kxh4 28. Qf4+ Kh5 29.
Qf5+ Kh4 30. g3# 1-0

[Event "Early-Titled-Tuesday-Blitz-February-20-2024"]
[Site "Chess.com"]
[Date "2024.02.20"]
[Round "1"]
[White "BashirliSaadat"]
[Black "Druid24"]
[Result "1-0"]
[WhiteElo "2365"]
[BlackElo "2663"]
[TimeControl "180+1"]
[EndTime "8:06:18 PST"]
[Termination "BashirliSaadat won by checkmate"]

1. d4 Nf6 2. e3 e6 3. Bd3 b6 4. f4 Bb7 5. Nf3 Ne4 6. O-O Be7 7. Nbd2 f5 8. Ne5 O-O 9. Nxe4 fxe4 10. Bc4 d5 11.
Be2 Nd7 12. Nxd7 Qxd7 13. c3 c5 14. Qe1 Rac8 15. Qg3 Bd6 16. Bd2 cxd4 17. exd4 Rf6 18. Qe3 Rcf8 19. g3 Qc8 20. Rae1 Ba6 21. Bxa6 Qxa6 22.
a3 g5 23. Qf2 gxf4 24. gxf4 Kh8 25. Kh1 Qb5 26. b4 Qd3 27. Re3 Qc2 28. Rh3 R8f7 29. Rg1 Bf8 30. Rhg3 h6 31. Rg8+ Kh7 32. Qg2 e3 33.
Rh8+ Kxh8 34. Qg8# 1-0

[Event "Early-Titled-Tuesday-Blitz-February-20-2024"]
[Site "Chess.com"]
[Date "2024.02.20"]
[Round "1"]
[White "HelvertHernandez"]
[Black "guillembaches"]
[Result "0-1"]
[WhiteElo "1980"]
[BlackElo "2544"]
[TimeControl "180+1"]
[EndTime "8:06:18 PST"]
[Termination "guillembaches won by resignation"]

1. e4 c5 2. Nf3 d6 3. d4 cxd4 4.
Nxd4 Nf6 5. Nc3 Nc6 6. Be3 Ng4 7.
Qd2 Nxe3 8. Qxe3 e6 9. O-O-O Be7 10. f4 O-O 11. g4 Qb6 12. g5 Bd7 13. h4 Rfc8 14. h5 Nxd4 15. Qxd4 Qxd4 16. Rxd4 Bc6 17. Bb5 g6 18. hxg6 hxg6 19. Rd2 Bf8 20. Bxc6 Rxc6 21. e5 d5 22. Rdh2 Bg7 23. Ne2 Rc4 24. c3 Rac8 25.
Kb1 Re4 26. Rf1 b5 27. a3 a5 28. Ka1 b4 29. axb4 axb4 30. Kb1 bxc3 31. Nxc3 Rb4 32.
Kc2 d4 0-1

[Event "Early-Titled-Tuesday-Blitz-February-20-2024"]
[Site "Chess.com"]
[Date "2024.02.20"]
[Round "1"]
[White "Navyblue1"]
[Black "LeninGuerra"]
[Result "0-1"]
[WhiteElo "2137"]
[BlackElo "2571"]
[TimeControl "180+1"]
[EndTime "8:06:19 PST"]
[Termination "LeninGuerra won on time"]

1. d4 Nf6 2. c4 c5 3. d5 b5 4. cxb5 a6 5. e3 d6 6. Nc3 g6 7.
a4 Bg7 8. Nf3 O-O 9. Ra3 axb5 10. Bxb5 Nbd7 11. O-O Nb6 12. a5 Nbd7 13. a6 Qb6 14.
Qa4 Qc7 15. Rd1 Nb6 16. Qa5 Bg4 17. Be2 Rfb8 18. h3 Bd7 19. e4 Ne8 20. Bf4 Nc8 21. Qxc7 Nxc7 22. Bc1 Rb6 23. e5 Nxa6 24. exd6 exd6 25.
Re1 Nc7 26. Rxa8 Nxa8 27. Bc4 Nc7 28. Ng5 Rb4 29. Ba2 h6 30. Nge4 f5 31. Nd2 Nb6 32. Re7 Kf8 33. Re2 Rd4 0-1

[Event "Early-Titled-Tuesday-Blitz-February-20-2024"]
[Site "Chess.com"]
[Date "2024.02.20"]
[Round "1"]
[White "Casablanca"]
[Black "Ati1517"]
[Result "1-0"]
[WhiteElo "2608"]
[BlackElo "2237"]
[TimeControl "180+1"]
[EndTime "8:06:20 PST"]
[Termination "Casablanca won on time"]

1. Nf3 Nf6 2. d4 g6 3. c4 Bg7 4. Nc3 d6 5. g3 O-O 6. Bg2 c6 7. O-O Qa5 8. a3 e5 9. b4 Qc7 10. Bb2 Be6 11. d5 Bd7 12. Rc1 Ne8 13. e4 f5 14.
exf5 gxf5 15. Ng5 Nf6 16. Qd3 h6 17. Ne6 Bxe6 18. dxe6 e4 19. Qd2 Qe7 20. Rfd1 Rd8 21. Ne2 Qxe6 22. Nf4 Qf7 23. Bh3 Nh5 24. Nxh5 Qxh5 25.
Bxg7 Kxg7 26. Qd4+ Kf7 27. Kg2 1-0

[Event "Early-Titled-Tuesday-Blitz-February-20-2024"]
[Site "Chess.com"]
[Date "2024.02.20"]
[Round "1"]
[White "ozen_metehan"]
[Black "K_A_S_T_O_R"]
[Result "0-1"]
[WhiteElo "2481"]
[BlackElo "2861"]
[TimeControl "180+1"]
[EndTime "8:06:21 PST"]
[Termination "K_A_S_T_O_R won by resignation"]

1. d4 Nf6 2. c4 e6 3. Nc3 Bb4 4. Qc2 O-O 5. a3 Bxc3+ 6. Qxc3 d6 7. Bg5 Nbd7 8. Qc2 h6 9. Bh4 b6 10. e3 c5 11. Ne2 Ba6 12. b4 cxd4 13. Nxd4 Rc8 14.
Be2 Bxc4 15. O-O d5 16. Rac1 Ne5 17. Bg3 Bxe2 18. Qxe2 Nc4 19. a4 Qd7 20. b5 Ne4 21. Nc6 a6 22. Rfd1 axb5 23. axb5 Qb7 24. Bh4 Rfe8 25.
Qg4 f5 26. Qh5 Qf7 27. Qe2 Ra8 28. f3 Ned6 29. e4 Nxb5 30. exd5 exd5 31. Qd3 Nc7 32. Bg3 Nb2 33. Qb3 Nxd1 34. Rxd1 Ne6 35. Qxd5 Qb7 36. Re1 Qf7 37. Ne5 Rad8 38. Qc4 Qf6 39. Bh4 g5 40. Nc6 Rc8 41. Bg3 f4 42. Bf2 Qf7 43. Qd5 Ng7 44. Qb5 Rxe1+ 45. Bxe1 Qd7 46. h4 Qxc6 47.
Qb3+ Qc4 48. Qxb6 Qc5+ 49. Qxc5 Rxc5 50. hxg5 hxg5 0-1

[Event "Early-Titled-Tuesday-Blitz-February-20-2024"]
[Site "Chess.com"]
[Date "2024.02.20"]
[Round "1"]
[White "NastyaHn"]
[Black "Brave_spirit12"]
[Result "1-0"]
[WhiteElo "2419"]
[BlackElo "2724"]
[TimeControl "180+1"]
[EndTime "8:06:21 PST"]
[Termination "NastyaHn won by resignation"]

1. Nc3 c5 2. Nf3 Nc6 3. d4 cxd4 4. Nxd4 g6 5. e4 Bg7 6. Be3 d6 7. Qd2 Nf6 8. f3 O-O 9. O-O-O Bd7 10. g4 a6 11. h4 b5 12. h5 b4 13. Nd5 Nxd5 14.
exd5 Ne5 15. hxg6 fxg6 16. Qh2 Qa5 17. Qxh7+ Kf7 18. Bh6 Rg8 19. Kb1 Qxd5 20. Bg2 Be6 21. Nxe6 Qxe6 22. f4 Qf6 23. fxe5 Qxe5 24. Rhf1+ Ke6 25.
Qxg6+ Bf6 26. Qf5+ Qxf5 27. gxf5+ Kd7 28. Bxa8 Rxa8 29.
Rg1 a5 30. Bg7 a4 31. Bxf6 1-0

[Event "Early-Titled-Tuesday-Blitz-February-20-2024"]
[Site "Chess.com"]
[Date "2024.02.20"]
[Round "1"]
[White "ChessFanNM"]
[Black "bescmelasti"]
[Result "0-1"]
[WhiteElo "2321"]
[BlackElo "2656"]
[TimeControl "180+1"]
[EndTime "8:06:21 PST"]
[Termination "bescmelasti won by resignation"]

1. Nf3 Nc6 2. e4 e5 3. Nc3 Nf6 4. Bb5 Bd6 5. d3 Ne7 6. Bg5 c6 7. Ba4 Ng6 8. d4 Qe7 9. h4 h6 10. Bxf6 Qxf6 11. h5 Nf4 12. g3 exd4 13. e5 Bxe5 14.
O-O dxc3 15. Nxe5 cxb2 16. Re1 Nh3+ 17. Kg2 O-O 18. Rb1 Nxf2 19. Qf3 Qxf3+ 20. Kxf3 Nh3 21. Bb3 d5 22. g4 Ng5+ 23. Kf4 Re8 24. c4 Be6 25.
cxd5 Bxd5 26. Bxd5 cxd5 27. Rxb2 Re7 28. Nd3 Rxe1 29.
Nxe1 b6 30. Rd2 Rd8 31. a4 Kf8 32. Nd3 Ne6+ 33. Kg3 Nc5 34. a5 Nxd3 35. Rxd3 bxa5 36.
Kf4 d4 37. Kf3 Ke7 38. Ra3 d3 0-1

[Event "Early-Titled-Tuesday-Blitz-February-20-2024"]
[Site "Chess.com"]
[Date "2024.02.20"]
[Round "1"]
[White "lluiss"]
[Black "dmosesov"]
[Result "0-1"]
[WhiteElo "2188"]
[BlackElo "2583"]
[TimeControl "180+1"]
[EndTime "8:06:21 PST"]
[Termination "dmosesov won by resignation"]

1. Nf3 Nf6 2. d4 b6 3. g3 Bb7 4. Bg2 g6 5. O-O Bg7 6. b3 O-O 7.
Bb2 c5 8. c4 cxd4 9. Nxd4 Bxg2 10. Kxg2 d5 11. cxd5 Qxd5+ 12. Nf3 Qh5 13. Nbd2 Nc6 14.
h3 Rfd8 15. Rc1 Nb4 16. a3 Nbd5 17. Qc2 e6 18. Qb1 g5 19. Rfd1 g4 20. hxg4 Qxg4 21. Rh1 Nf4+ 22. Kf1 Nxe2 23. Kxe2 Rxd2+ 24. Kxd2 Qxf3 25. Qd3 Qxf2+ 26. Qe2 Rd8+ 0-1

[Event "Early-Titled-Tuesday-Blitz-February-20-2024"]
[Site "Chess.com"]
[Date "2024.02.20"]
[Round "1"]
[White "ARMQUEEN"]
[Black "Jumbo"]
[Result "1-0"]
[WhiteElo "2480"]
[BlackElo "2815"]
[TimeControl "180+1"]
[EndTime "8:06:23 PST"]
[Termination "ARMQUEEN won on time"]

1. e4 d6 2. d4 g6 3. Nc3 Bg7 4. f4 Nf6 5. Nf3 c5 6. d5 O-O 7. e5 Nh5 8. Bd3 e6 9. exd6 exd5 10. Nxd5 Qxd6 11. c4 Re8+ 12. Be2 Nc6 13. O-O Bg4 14.
Be3 Rad8 15. h3 Bxf3 16. Bxf3 Ng3 17. Re1 Nf5 18. Bf2 Bxb2 19. Rb1 Rxe1+ 20. Qxe1 Bd4 21. Rxb7 Bxf2+ 22. Qxf2 Ncd4 23. Be4 Re8 24. Bd3 h5 25. Rxa7 h4 26. Qd2 Ng3 27. a4 Qb8 28. Nf6+ Kh8 29.
Rxf7 1-0

[Event "Early-Titled-Tuesday-Blitz-February-20-2024"]
[Site "Chess.com"]
[Date "2024.02.20"]
[Round "1"]
[White "treadstone_71"]
[Black "Cubitas"]
[Result "0-1"]
[WhiteElo "2329"]
[BlackElo "2669"]
[TimeControl "180+1"]
[EndTime "8:06:23 PST"]
[Termination "Cubitas won by resignation"]

1. e4 e6 2. d4 d5 3. Nc3 dxe4 4. Nxe4 Nf6 5. Bg5 Be7 6. Bxf6 gxf6 7. Nf3 Nc6 8. c3 b6 9. g3 Bb7 10. Bg2 Qd5 11. O-O Qxe4 12. Ne5 Qxg2+ 13. Kxg2 Nxe5+ 14.
f3 Ng6 15. Qa4+ Kf8 16. c4 h5 17. h4 Rg8 18. Kh2 Bd6 19. f4 Ne7 20. Rad1 Nf5 21. Rd3 Rg4 22. c5 bxc5 23. dxc5 Bxc5 24. Qb5 Bb6 25.
a4 a5 26. b4 Ba6 27. Qc6 Bxd3 28. Qxa8+ Kg7 29. Rd1 Rxg3 30. bxa5 Bf2 31. a6 Be2 32.
Rd8 Bg1+ 33. Kh1 Bf3+ 34. Qxf3 Rxf3 35. a7 Bxa7 0-1

[Event "Early-Titled-Tuesday-Blitz-February-20-2024"]
[Site "Chess.com"]
[Date "2024.02.20"]
[Round "1"]
[White "atalz0"]
[Black "Hongjin"]
[Result "0-1"]
[WhiteElo "2414"]
[BlackElo "2762"]
[TimeControl "180+1"]
[EndTime "8:06:25 PST"]
[Termination "Hongjin won by resignation"]

1. d4 Nf6 2. c4 d6 3. Nc3 e5 4.
dxe5 dxe5 5. Qxd8+ Kxd8 6. Nf3 Nbd7 7. Rg1 c6 8. g4 Kc7 9. g5 Ne8 10. Bd2 a5 11. h4 Bd6 12. O-O-O Nc5 13. Be3 Bf5 14. Nxe5 Nb3+ 15. axb3 Bxe5 16. f4 Bd6 17. c5 Be7 18. Na4 h6 19. Nb6 Rd8 20. Rxd8 Kxd8 21.
Bg2 hxg5 22. hxg5 Nc7 23. Rd1+ Ke8 24. Bd4 Ne6 25. e3 Nxc5 26. e4 Nxb3+ 27. Kc2 Nxd4+ 28. Rxd4 Bc5 29. Rc4 Bxb6 30. exf5 Rh2 31. Re4+ Kf8 32. Re2 Bc7 33. Kd3 Bxf4 34. g6 fxg6 35. fxg6 Bg5 36.
Rf2+ Ke7 37. Rf7+ Ke6 38. Bf3 Bf6 39. Bg4+ Kd6 40. Rxb7 Bxb2 41. Rd7+ Kc5 42. Rc7 Be5 43. Bf3 Bxc7 0-1